 Dungeon Crawl Stone Soup version 0.27.1-3-gb3d3a73c9e (webtiles) character file.

Game seed: 16587392565425744073

15194 Gabide the Basher (level 11, -1/87 HPs)
             Began as a Demonspawn Chaos Knight on Oct 26, 2021.
             Was a Plaything of Xom.
             Slain by a two-headed ogre (15 damage)
             ... on level 13 of the Dungeon.
             The game lasted 00:53:17 (12513 turns).

Gabide the Basher (Demonspawn Chaos Knight)        Turns: 12513, Time: 00:53:18

Health: -1/87      AC: 13    Str: 15      XL:     11   Next: 98%
Magic:  0/16       EV: 14    Int: 12      God:    Xom [.....*]
Gold:   623        SH:  0    Dex: 15 (17) Spells: 16/17 levels left

rFire    . . .     SeeInvis .   s - +0 dire flail (elec)
rCold    . . .     Faith    .   (shield currently unavailable)
rNeg     . . .     Spirit   +   B - +4 troll leather armour {Snorg}
rPois    +         Reflect  .   (helmet unavailable)
rElec    .         Harm     .   C - +0 cloak
rCorr    .         Rampage  .   d - +0 pair of gloves
Will     .....                  (no boots)
Stlth    +.........             h - amulet of magic regeneration
HPRegen  2.24/turn              r - +6 ring of dexterity
MPRegen  0.55/turn              j - ring of poison resistance

@: confused, on berserk cooldown, hasted and slowed
A: horns 3, magic shield, magic regeneration, sharp scales 2, demonic magic 2,
beak, hooves 1, large bone plates 1, clumsy 1, deterioration 1, dopey 1,
regeneration 1, screaming 1, wild magic 1
a: Renounce Religion


You were on level 13 of the Dungeon.
You worshipped Xom.
You were Xom's teddy bear.
You visited 1 branch of the dungeon, and saw 13 of its levels.

You collected 623 gold pieces.

Inventory:

Hand Weapons
 a - a +4 vorpal mace
 l - a +3 arbalest
 s - a +0 dire flail of electrocution (weapon)
Missiles
 t - a throwing net (quivered)
Armour
 b - a +2 leather armour
 d - a +0 pair of gloves (worn)
 B - a +4 troll leather armour (worn) {Snorg}
 C - a +0 cloak (worn)
Magical Staves
 v - a staff of fire
Jewellery
 c - a ring of wizardry
 e - a ring of wizardry
 f - a ring of ice
 h - an amulet of magic regeneration (around neck)
 j - a ring of poison resistance (right hand)
 r - a +6 ring of dexterity (left hand)
Wands
 k - a wand of acid (20)
 m - a wand of iceblast (11)
 u - a wand of flame (23)
 D - a wand of polymorph (12)
 E - a wand of digging (6)
Scrolls
 g - 4 scrolls of identify
 i - 2 scrolls of magic mapping
 n - 6 scrolls of teleportation
 w - 2 scrolls of amnesia
 y - 2 scrolls of fog
 F - a scroll of brand weapon
 I - 2 scrolls of fear
Potions
 p - a potion of curing
 q - 2 potions of brilliance
 A - a potion of flight
 H - a potion of mutation
Miscellaneous
 G - a piece from Xom's chessboard (15/15)


   Skills:
 + Level 8.7 Fighting
 + Level 11.7 Maces & Flails
 + Level 5.5 Armour
 + Level 6.1 Dodging
 - Level 1.8 Stealth
 + Level 2.8 Shields
 - Level 4.2 Unarmed Combat
 * Level 3.8 Spellcasting
 * Level 4.5 Necromancy
 + Level 2.1 Evocations


You had 16 spell levels left.
You knew the following spells:

 Your Spells              Type           Power      Damage    Failure   Level
a - Pain                  Necr           68%        1d7       7%          1

Your spell library contained the following spells:

 Spells                   Type           Power      Damage    Failure   Level
 Animate Skeleton         Necr           34%        N/A       7%          1
 Vampiric Draining        Necr           8%         2d7       17%         3
 Apportation              Tloc           4%         N/A       34%         1
 Corona                   Hex            2%         N/A       34%         1
 Summon Small Mammal      Summ           8%         N/A       34%         1


Dungeon Overview and Level Annotations

Branches:
Dungeon (13/15)            Temple (0/1) D:4
   Lair: D:8-11         Orc: D:9-12      Vaults: D:13-14

Altars:
Dithmenos
Elyvilon
Kikubaaqudgha
Makhleb
Qazlal
Ru
Vehumet
Wu Jian
Xom
Zin

Shops:
D:2 :   D:3 ?

Portals:
Trove: D:11 (show slimy rune of Zot)

Annotations:
D:9 2 transporters, kalagan's ghost, novice DECj


Innate Abilities, Weirdness & Mutations

You have a pair of large horns on your head.
When hurt, damage is shared between your health and your magic reserves.
You regenerate magic rapidly.
You are mostly covered in razor-sharp scales. (AC +2, Slay +2)
Spells you cast may paralyse nearby enemies.
You have a beak for a mouth.
You have large cloven feet.
You are partially covered in large bone plates. (SH +4)
You are clumsy. (Dex -2)
Your body sometimes deteriorates upon taking damage.
You are dopey. (Int -2)
Your natural rate of healing is unusually fast.
You occasionally shout uncontrollably at your foes.
Your spells are a little harder to cast, but a little more powerful.


Message History

The centaur looks rather confused.
The two-headed ogre closely misses you. x2
You hit the two-headed ogre. You peck the two-headed ogre.
The two-headed ogre is moderately wounded.
Something barely misses the two-headed ogre.
The two-headed ogre closely misses you.
The two-headed ogre hits you with a +0 giant spiked club!!
You feel much better.
Something hits the ogre!
The two-headed ogre hits you with a +0 giant club!!
The two-headed ogre barely misses you.
You bump into the rock wall.
An ogre mage appears from thin air!
Reactivating autopickup.
The two-headed ogre hits you with a +0 giant club!!
* * * LOW HITPOINT WARNING * * *
Your body deteriorates!
You feel clumsy.
The two-headed ogre completely misses you.
You feel much better.
The two-headed ogre hits you with a +0 giant club!
The two-headed ogre barely misses you.
The ogre mage hits the two-headed ogre with a +0 whip!
You puncture the two-headed ogre! You kick the two-headed ogre.
The two-headed ogre is heavily wounded. "Boo!"
You are now Xom's teddy bear.
You hear an angry buzzing noise. x2; You hear a shout! x2
The two-headed ogre hits you with a +0 giant club!!
* * * LOW HITPOINT WARNING * * *
You emit a cloud of colourful smoke!
The two-headed ogre hits you with a +0 giant spiked club.
* * * LOW HITPOINT WARNING * * *
The ogre mage hits the two-headed ogre with a +0 whip.
You're too confused to cast spells.
You're too confused to cast spells.
Okay, then.
You are too confused!
You bump into the rock wall.
The two-headed ogre hits you with a +0 giant club.
* * * LOW HITPOINT WARNING * * *
The two-headed ogre hits you with a +0 giant spiked club!
You die...
Xom howls with laughter!

##############
#OO@☼§.....<.#
....c§O##########.#
......: #.######
....... #......#
....?.. #......#
...>..# #......#
.#...# ####...)..#
####
#####....>#####
#.....##.##


You could see a two-headed ogre (fast), an ogre mage (confused), an ogre (fast)
and a centaur (confused).

Vanquished Creatures
  Snorg (D:10)
  A boulder beetle (D:12)
  5 two-headed ogres
  A centaur warrior (D:12)
  A tengu warrior (D:13)
  A manticore (D:13)
  Joseph (D:9)
  A kobold demonologist (D:13)
  2 unseen horrors (D:12)
  A yaktaur (shapeshifter) (D:13)
  A komodo dragon (D:11)
  3 trolls (D:12)
  Grinder (D:3)
  A shadow (D:12)
  A wraith (D:10)
  2 wyverns
  A yak (D:11)
  A vampire (D:10)
  2 basilisks
  4 vampire mosquitoes (D:12)
  A water moccasin (D:7)
  4 orc warriors
  4 black bears
  2 ice beasts
  2 necrophages
  An ogre (D:4)
  A hornet zombie (D:8)
  11 centaurs
  A gnoll sergeant (D:8)
  2 bullfrogs
  A wyvern zombie (D:9)
  2 scorpions
  A water moccasin skeleton (D:5)
  A wyvern skeleton (D:7)
  Dowan (D:4)
  7 killer bees
  8 wights
  7 howler monkeys
  7 centaur zombies
  A hound (D:6)
  A centaur skeleton (D:9)
  A gnoll shaman (D:8)
  4 orc priests
  A bullfrog skeleton (D:7)
  3 iguanas
  15 orc wizards
  A centaur simulacrum (D:9)
  6 gnolls (D:8)
  7 adders
  A shadow imp (D:7)
  An ufetubus (D:6)
  2 dart slugs
  23 orcs
  5 bats
  4 endoplasms
  2 giant cockroaches
  6 goblins
  8 hobgoblins
  3 quokkas
  5 ball pythons
  3 frilled lizards
  13 kobolds
  3 rats (D:2)
215 creatures vanquished.

Vanquished Creatures (collateral kills)
  An orc warrior (D:5)
  3 killer bees
  2 orc wizards (D:5)
6 creatures vanquished.

Vanquished Creatures (others)
  A killer bee (D:6)
  3 fungi (D:11)
  2 plants (D:11)
6 creatures vanquished.

Grand Total: 227 creatures vanquished

Notes
Turn   | Place    | Note
-------+----------+-------------------------------------------
     0 | D:1      | Gabide the Demonspawn Chaos Knight began the quest for the
                  | Orb.
     0 | D:1      | Reached XP level 1. HP: 18/18 MP: 1/1
    41 | D:1      | XOM: potion effect (might)
   162 | D:1      | Reached skill level 3 in Maces & Flails
   236 | D:1      | Gained mutation: You regenerate magic rapidly. [demonic
                  | ancestry]
   236 | D:1      | Reached XP level 2. HP: 23/24 MP: 2/2
   414 | D:1      | Found a faded altar of an unknown god.
   944 | D:2      | XOM: cloud trail
   964 | D:2      | XOM: smoke on damage
   971 | D:2      | Reached skill level 1 in Dodging
  1210 | D:2      | Reached XP level 3. HP: 24/29 MP: 3/3
  1297 | D:2      | XOM: 1-stop teleportation journey
  1508 | D:2      | XOM: god gift: short sword {god gift}
  1511 | D:2      | XOM: cloud trail
  1620 | D:2      | Found Siguf's Book Boutique.
  1848 | D:3      | Noticed Grinder
  1849 | D:3      | Found Cyasir's Magic Scroll Shoppe.
  1849 | D:3      | XOM: 2-stop teleportation journey
  1890 | D:3      | XOM: chaos cloud
  1907 | D:3      | Paralysed by something for 7 turns
  1920 | D:3      | Paralysed by something for 2 turns
  1927 | D:3      | Killed Grinder
  1928 | D:3      | Reached skill level 5 in Maces & Flails
  1928 | D:3      | Reached skill level 1 in Stealth
  1928 | D:3      | Gained mutation: When hurt, damage is shared between your
                  | health and your magic reserves. [demonic ancestry]
  1928 | D:3      | Reached XP level 4. HP: 10/37 MP: 4/4
  1928 | D:3      | Gained mutation: You have a pair of small horns on your
                  | head. [demonic ancestry]
  1928 | D:3      | Reached XP level 5. HP: 11/42 MP: 5/5
  2482 | D:3      | XOM: give mutations
  2482 | D:3      | Gained mutation: Your body sometimes deteriorates upon
                  | taking damage. [Xom's mischief]
  2482 | D:3      | Gained mutation: You are clumsy. (Dex -2) [Xom's mischief]
  2517 | D:3      | Gained mutation: Spells you cast may paralyse adjacent
                  | enemies. [demonic ancestry]
  2517 | D:3      | Reached XP level 6. HP: 44/48 MP: 4/6
  2567 | D:3      | You fall into a shaft and drop 1 floor!
  2603 | D:4      | Found an ancient bone altar of Kikubaaqudgha.
  2633 | D:4      | XOM: noise
  2642 | D:4      | XOM: give mutations
  2642 | D:4      | Gained mutation: You have a beak for a mouth. [Xom's grace]
  2642 | D:4      | Gained mutation: You are robust. (+10% HP) [Xom's grace]
  2956 | D:4      | Found a staircase to the Ecumenical Temple.
  3051 | D:4      | XOM: give mutation
  3051 | D:4      | Lost mutation: You are robust. (+10% HP) [Xom's mischief]
  3471 | D:4      | Noticed Dowan
  3474 | D:4      | Noticed Duvessa
  3479 | D:4      | Killed Dowan
  3480 | D:4      | Reached skill level 6 in Maces & Flails
  3480 | D:4      | Gained mutation: Spells you cast may paralyse nearby
                  | enemies. [demonic ancestry]
  3480 | D:4      | Reached XP level 7. HP: 35/53 MP: 4/7
  3483 | D:4      | Noticed Duvessa
  3483 | D:4      | Duvessa changed into Duvessa the quokka
  3483 | D:4      | XOM: polymorph Duvessa -> Duvessa the quokka
  3484 | D:4      | Killed Duvessa the quokka
  3707 | D:4      | XOM: noise
  3819 | D:4      | Found a stormy altar of Qazlal.
  3907 | D:5      | Entered Level 5 of the Dungeon
  4403 | D:5      | Reached skill level 1 in Unarmed Combat
  4408 | D:5      | XOM: cleaving
  4423 | D:5      | HP: 2/55 [poisoned by an orc wizard]
  4948 | D:5      | XOM: potion effect (brilliance)
  4951 | D:5      | XOM: butterfly on damage
  4954 | D:5      | XOM: potion effect (heal wounds)
  4958 | D:5      | XOM: silly message
  4978 | D:5      | XOM: god gift: scroll of blinking
  5223 | D:5      | XOM: scenery: create altars
  5519 | D:5      | XOM: scenery: 1 doors open, 1 doors close
  5567 | D:6      | XOM: cleaving
  5576 | D:6      | Gained mutation: You have a pair of horns on your head.
                  | [demonic ancestry]
  5576 | D:6      | Reached XP level 8. HP: 23/58 MP: 4/8
  5691 | D:6      | XOM: give mutations
  5691 | D:6      | Gained mutation: Your spells are a little harder to cast,
                  | but a little more powerful. [Xom's grace]
  5691 | D:6      | Gained mutation: You have large cloven feet. [Xom's grace]
  5768 | D:6      | XOM: enchant monster (good)
  6156 | D:6      | XOM: scenery: 1 doors close
  6409 | D:6      | XOM: scenery: create altars
  6513 | D:6      | Reached skill level 5 in Fighting
  6518 | D:6      | Reached skill level 7 in Maces & Flails
  6786 | D:6      | Found an ornate altar of the Wu Jian Council.
  6875 | D:6      | XOM: give mutations
  6875 | D:6      | Gained mutation: You are dopey. (Int -2) [Xom's mischief]
  6875 | D:6      | Gained mutation: You occasionally shout uncontrollably at
                  | your foes. [Xom's mischief]
  6966 | D:6      | XOM: confuse monster(s)
  7316 | D:6      | XOM: silly message
  7334 | D:7      | XOM: divination: detect items
  7426 | D:7      | Found a radiant altar of Vehumet.
  7427 | D:7      | Found a shadowy altar of Dithmenos.
  7482 | D:7      | XOM: confusion (+ monsters)
  7526 | D:7      | Found a burning altar of Makhleb.
  7568 | D:7      | XOM: god gift: 21 stones
  7595 | D:7      | XOM: 1-stop teleportation journey
  7653 | D:7      | Gained mutation: You are partially covered in razor-sharp
                  | scales. (AC +1, Slay +1) [demonic ancestry]
  7653 | D:7      | Reached XP level 9. HP: 14/69 MP: 6/9
  7732 | D:7      | XOM: cloud trail
  8070 | D:7      | XOM: divination: magic mapping
  8791 | D:7      | XOM: polymorph sky beast -> wyvern
  8795 | D:7      | XOM: confuse monster(s)
  8879 | D:7      | XOM: give mutations
  8879 | D:7      | Gained mutation: Your natural rate of healing is unusually
                  | fast. [Xom's grace]
  8879 | D:7      | Gained mutation: You are partially covered in large bone
                  | plates. (SH +4) [Xom's grace]
  8879 | D:7      | Gained mutation: You have a pair of large horns on your
                  | head. [Xom's grace]
  9010 | D:8      | Reached skill level 8 in Maces & Flails
  9012 | D:8      | XOM: 2-stop teleportation journey
  9123 | D:8      | XOM: scenery: create altars
  9125 | D:8      | XOM: summons 2 friendly demons
  9153 | D:8      | XOM: god gift: +0 dire flail of protection
  9475 | D:8      | XOM: scenery: create altars
  9563 | D:8      | Found a sacrificial altar of Ru.
  9785 | D:8      | XOM: cloud trail
  9891 | D:8      | XOM: summons 1 hostile shadow creature
  9916 | D:9      | Noticed Joseph
  9923 | D:9      | XOM: confuse monster(s)
  9932 | D:9      | Killed Joseph
  9933 | D:9      | Reached skill level 9 in Maces & Flails
  9933 | D:9      | Reached skill level 1 in Shields
  9933 | D:9      | Gained mutation: You are mostly covered in razor-sharp
                  | scales. (AC +2, Slay +2) [demonic ancestry]
  9933 | D:9      | Reached XP level 10. HP: 77/79 MP: 10/10
  9957 | D:9      | Found a transporter.
  9958 | D:9      | Found a transporter.
  9986 | D:9      | XOM: scenery: create altars
 10126 | D:9      | Noticed kalagan's ghost (novice DECj)
 10470 | D:9      | Noticed a two-headed ogre
 10475 | D:9      | Killed a two-headed ogre
 10476 | D:9      | Reached skill level 10 in Maces & Flails
 10538 | D:10     | Entered Level 10 of the Dungeon
 10583 | D:10     | XOM: blink monster(s)
 10592 | D:10     | XOM: 3-stop teleportation journey
 10646 | D:10     | Noticed Snorg
 10654 | D:10     | Killed Snorg
 10731 | D:10     | XOM: 1-stop teleportation journey
 10883 | D:10     | XOM: god gift: scroll of fog
 10889 | D:10     | Learned a level 1 spell: Pain
 11220 | D:10     | Reached skill level 11 in Maces & Flails
 11506 | D:11     | Found a portal to a secret trove of treasure.
 11514 | D:11     | Reached skill level 1 in Necromancy
 11548 | D:11     | Reached skill level 1 in Spellcasting
 11550 | D:11     | XOM: cast spell 'Cause Fear'
 11560 | D:11     | XOM: swap monsters
 11561 | D:11     | Reached skill level 5 in Dodging
 11591 | D:11     | Noticed a boulder beetle
 11596 | D:11     | XOM: cast spell 'Disjunction'
 11597 | D:11     | Noticed a two-headed ogre
 11636 | D:12     | Mutation became permanent: You have a pair of horns on your
                  | head. [demonic ancestry]
 11636 | D:12     | Gained mutation: You have a pair of large horns on your
                  | head. [demonic ancestry]
 11636 | D:12     | Reached XP level 11. HP: 78/86 MP: 11/13
 11850 | D:12     | Noticed a boulder beetle
 11860 | D:12     | Killed a boulder beetle
 11861 | D:12     | Reached skill level 5 in Armour
 11938 | D:12     | XOM: 2-stop teleportation journey
 11941 | D:12     | Noticed a centaur warrior
 11952 | D:12     | Reached skill level 1 in Evocations
 11972 | D:12     | XOM: summons friendly iron imp
 11982 | D:12     | Killed a centaur warrior
 12338 | D:13     | Noticed a harpy
 12340 | D:13     | XOM: confuse monster(s)
 12341 | D:13     | XOM: confuse monster(s)
 12342 | D:13     | Noticed a tengu warrior
 12349 | D:13     | a harpy changed into a jumping spider
 12397 | D:13     | XOM: scenery: create altars
 12405 | D:13     | XOM: blink monster(s)
 12409 | D:13     | Killed a tengu warrior
 12476 | D:13     | Noticed a two-headed ogre
 12476 | D:13     | Noticed a two-headed ogre
 12477 | D:13     | XOM: confusion (+ monsters)
 12478 | D:13     | Noticed a two-headed ogre
 12478 | D:13     | Noticed a two-headed ogre
 12479 | D:13     | Noticed a two-headed ogre
 12479 | D:13     | Noticed an ogre mage
 12487 | D:13     | Killed a two-headed ogre
 12490 | D:13     | Killed a two-headed ogre
 12495 | D:13     | XOM: fake destruction
 12497 | D:13     | Killed a two-headed ogre
 12501 | D:13     | XOM: smoke on damage
 12506 | D:13     | Killed a two-headed ogre
 12507 | D:13     | XOM: confusion (+ monsters)
 12512 | D:13     | XOM: noise
 12512 | D:13     | XOM: smoke on damage
 12513 | D:13     | Slain by a two-headed ogre

Illustrated notes

Levels and vault maps discovered:
D:1:      minmay_arrival_shattered_statue, layout_basic, serial_aquarium,
          aquarium_bridge_island_small [aquarium_subvault_small_open,
          aquarium_subvault_bridge, aquarium_subvault_wall,
          aquarium_subvault_wall, aquarium_subvault_bridge], aquarium_window_1,
          aquarium_window_1, aquarium_window_2, aquarium_view_2d,
          aquarium_balcony_3a, shapermc_ecumenical_altar_gd
D:2:      layout_basic, serial_shops, nicolae_shop_trees,
          kennysheep_generic_room_2
D:3:      layout_basic, serial_glass, glass_columns_c, glass_columns_a,
          serial_shops, nicolae_shop_stone, minmay_misc_feat_nine_boxes,
          uniq_grinder
D:4:      black_bear_nest_1, layout_basic, kiku_gazebo_pond_becter,
          nicolae_qazlal_eye_of_the_storm, minmay_temple_entry_arrows,
          uniq_duvessa
D:5:      layout_basic, feat_on_display
D:6:      layout_basic, zin_scriptorium, nzn_wu_jian_council_hall, st_stairs_8
D:7:      layout_loops_corners, lemuel_crystal_altar, elyvilon_altar_5,
          amethyst_overflow_temple_binary, kennysheep_generic_room_4
D:8:      layout_loops_ring, nicolae_ru_sacrificial_ziggurat
D:9:      layout_roguey, gammafunk_ghost_hive, hangedman_weighted_door,
          serial_bayou_pond_d, uniq_joseph
D:10:     layout_basic, uniq_snorg
D:11:     layout_cave_pods, grunt_lair_entry_orc_guard_hut, hiddenorc2_lemuel,
          enter_trove_1, uniq_urug
D:12:     layout_rooms
D:13:     layout_rooms

Skill      XL: |  1  2  3  4  5  6  7  8  9 10 11 |
---------------+----------------------------------+-----
Maces & Flails | 3 5 6 7 9 11 | 11.7
Dodging        | 1 2 3 4 5 6 |  6.1
Armour         | 2 3 4 5 |  5.5
Stealth        | 1 |  1.8
Fighting       | 4 6 7 8 |  8.7
Unarmed Combat | 1 3 4 |  4.2
Shields        | 1 2 |  2.8
Necromancy     | 1 4 |  4.5
Spellcasting   | 1 3 |  3.8
Evocations     | 2 |  2.1

Action                   |  1- 3 |  4- 6 |  7- 9 | 10-12 || total
-------------------------+-------+-------+-------+-------++-------
Melee: Mace              |   112 |    56 |   265 |       ||   433
       Peck              |       |     3 |    47 |    54 ||   104
       Headbutt          |       |     2 |    48 |    55 ||   105
       Punch             |       |       |     3 |       ||     3
       Kick              |       |       |    59 |    80 ||   139
       Dire flail        |       |       |    61 |   231 ||   292
Throw: Throwing net      |       |       |     1 |     2 ||     3
Evoke: Wand              |       |       |       |    13 ||    13
  Use: Scroll            |    10 |     2 |     6 |     9 ||    27
       Potion            |     7 |     1 |     1 |     8 ||    17
 Stab: Petrified         |     4 |       |       |       ||     4
       Sleeping          |     1 |     1 |     2 |     1 ||     5
       Confused          |       |       |     2 |     1 ||     3
Armor: Leather armour    |    51 |    19 |    92 |    29 ||   191
       Skin              |    27 |       |       |       ||    27
       Troll leather arm |       |       |       |   108 ||   108
Dodge: Dodged            |    57 |    42 |   162 |   163 ||   424
Block: Other             |       |       |    20 |    41 ||    61
